 Dungeon Crawl Stone Soup version 0.30.1-3-gfc49f6343a (webtiles) character file.

Game seed: 11726052569040036141

27153 Bronimir the Cleaver (level 13, 0/99 HPs)
             Began as a Demonspawn Gladiator on July 29, 2023.
             Was an Elder of Nemelex Xobeh.
             Slain by a wolf (7 damage)
             ... on level 5 of the Lair of Beasts.
             The game lasted 00:39:53 (13194 turns).

Bronimir the Cleaver (Demonspawn Gladiator)        Turns: 13194, Time: 00:39:54

Health: 0/99       AC: 29    Str: 20    XL:     13   Next: 2%
Magic:  20/20      EV:  8    Int: 10    God:    Nemelex Xobeh [****..]
Gold:   701        SH:  4    Dex: 16    Spells: 7/17 levels left

rFire   x . .        N - +1 battleaxe
rCold   + . .        (shield currently unavailable)
rNeg    . . .        l - +6 plate armour {Will+}
rPois   .            (helmet restricted)
rElec   .            (no cloak)
rCorr   .            z - +2 pair of gloves
SInv    .            x - +2 pair of boots
Will    +....        (no amulet) Stlth
                     h - ring of ice
HPRegen 0.36/turn    (no ring)
MPRegen 0.17/turn

%: no passive effects
@: no status effects
A: thin metallic scales 2, foul stench 2, condensation shield, demonic touch 2,
antennae 1, strong 1
a: Renounce Religion, Draw Escape, Draw Destruction, Draw Summoning, Triple
Draw, Deal Four


You were on level 5 of the Lair of Beasts.
You worshipped Nemelex Xobeh.
Nemelex Xobeh was greatly pleased with you.
You visited 2 branches of the dungeon, and saw 14 of its levels.

You collected 1552 gold pieces.
You spent 851 gold pieces at shops.

Inventory:

Hand Weapons
 a - a +0 war axe
 c - a +0 executioner's axe
 A - a +0 shortbow
 N - a +1 battleaxe (weapon)
Missiles
 d - 4 throwing nets
 e - a javelin
Armour
 b - an orb of guile
 l - a +6 plate armour of willpower (worn)
 x - a +2 pair of boots (worn)
 z - a +2 pair of gloves (worn)
Jewellery
 g - a ring of protection from fire
 h - a ring of ice (left hand)
 n - an amulet of faith
 r - a ring of poison resistance
 B - a ring of positive energy
 G - an amulet of guardian spirit
Wands
 j - a wand of mindburst (4)
 o - a wand of iceblast (7)
 F - a wand of charming (12)
 M - a wand of flame (10)
Scrolls
 i - a scroll of amnesia
 k - a scroll of immolation
 p - a scroll of blinking
 q - 3 scrolls of magic mapping
 t - a scroll of teleportation
 u - a scroll of poison
 y - 9 scrolls of identify
Potions
 f - a potion of invisibility
 m - 2 potions of curing
 s - a potion of might
 v - a potion of magic
 w - 3 potions of flight
 C - a potion of brilliance
 E - 2 potions of attraction


   Skills:
 * Level 8.5 Fighting
 + Level 13.3 Axes
 + Level 1.8 Throwing
 * Level 8.1 Armour
 + Level 4.5 Dodging
 + Level 2.5 Stealth
 + Level 3.3 Shields
 + Level 2.9 Spellcasting
 + Level 3.6 Necromancy
 + Level 4.0 Poison Magic
 * Level 9.6 Invocations
 + Level 3.7 Evocations


You had 7 spell levels left.
You knew the following spells:

 Your Spells              Type           Power      Damage    Failure   Level
a - Necrotise             Necr           32%        1d5       77%         1
b - Wereblood             Tmut           1%         N/A       100%        2
c - Spider Form           Tmut/Pois      5%         N/A       100%        3
d - Animate Dead          Necr           8%         N/A       100%        4

Your spell library contained the following spells:

 Spells                   Type           Power      Damage    Failure   Level
 Poisonous Vapours        Pois/Air       10%        N/A       98%         2
 Apportation              Tloc           2%         N/A       99%         1
 Beastly Appendage        Tmut           2%         N/A       99%         1
 Freeze                   Ice            8%         1d3       99%         1
 Summon Small Mammal      Summ           4%         N/A       99%         1
 Blink                    Tloc           2%         N/A       100%        2
 Lesser Beckoning         Tloc           2%         N/A       100%        2
 Momentum Strike          Conj/Tloc      2%         3d8       100%        2
 Dazzling Flash           Conj/Hex       2%         N/A       100%        3
 Frozen Ramparts          Ice            4%         1d1       100%        3
 Gell's Gravitas          Tloc           1%         N/A       100%        3
 Hailstorm                Conj/Ice       2%         3d3       100%        3
 Ignite Poison            Fire/Tmut/Pois 4%         N/A       100%        3
 Mephitic Cloud           Conj/Pois/Air  4%         N/A       100%        3
 Teleport Other           Tloc           1%         N/A       100%        3
 Volatile Blastmotes      Fire/Tloc      2%         2d10      100%        3
 Iskenderun's Mystic Bla  Conj/Tloc      1%         2d3       100%        4
 Sticky Flame             Conj/Fire      1%         2d3       100%        4
 Freezing Cloud           Conj/Ice/Air   1%         6-21      100%        5
 Dispersal                Tloc           0%         N/A       100%        6
 Starburst                Conj/Fire      0%         6d3       100%        6
 Haunt                    Necr/Summ      2%         N/A       100%        7
 Ignition                 Fire           0%         3d3       100%        8
 Infestation              Necr           4%         N/A       100%        8


Dungeon Overview and Level Annotations

Branches:
Dungeon (10/15)            Temple (0/1) D:7            Lair (3/5) D:10
  Swamp (0/4) Lair:2
  Snake: Lair:2-3    Spider: Lair:2-3       Orc: D:9-12

Altars:
Gozag
Nemelex Xobeh

Shops:
D:2 [[(   D:3 [   D:4 (   D:8 [


Innate Abilities, Weirdness & Mutations

You are mostly covered in thin metallic scales. (AC +3)
You sometimes emit foul miasma when damaged in melee.
A meltable shield of frost defends you. (SH +4)
Your touch may inflict irresistible damage on your foes.
You have a pair of small antennae on your head.
Your muscles are strong. (Str +4, Int/Dex -1)


Message History

* * * LOW HITPOINT WARNING * * *
A wolf comes into view.
You block the wolf's attack.
You slice the wolf!!
The wolf is severely wounded.
A water moccasin comes into view.
You block the wolf's attack.
A wyvern comes into view.
The wolf closely misses you.
The wyvern hisses angrily.
You hit the wolf but do no damage.
The wolf is severely wounded.
The wolf closely misses you.
You completely miss the wolf.
The wolf is severely wounded.
The wolf barely misses you. x2
You slash the wolf!
You kill the wolf!
The wolf bites you but does no damage.
You slash the wolf!
The wolf is heavily wounded.
The wolf bites you but does no damage. x2
You closely miss the wolf.
The wolf is heavily wounded.
The wolf bites you but does no damage. The wolf bites you.
* * * LOW HITPOINT WARNING * * *
You draw a card...
You have drawn Velocity.
The wolf seems to slow down.
The wyvern seems to slow down.
The water moccasin seems to slow down.
The wolf barely misses you.
You slash the wolf!
You kill the wolf!
You barely miss the wolf. The wolf bites you but does no damage.
You block the wolf's attack.
You miss the wolf. The wolf bites you but does no damage.
You block the wolf's attack.
You hit the wolf.
The wolf is lightly wounded.
The wolf bites you but does no damage. The wolf bites you!
You die...
Your body glows with a rainbow of weird colours and disappears.

### #@##### #####P #
#######h##.##...#P..###
#..<..{S...†...........
#P.....†.†††.........Y.
##.....†††.........Y.Y.
#........†............
#............?.........
#......................
#.......=..............


You could see a water moccasin (slow) and a wolf.

Vanquished Creatures
  A hydra (Lair:5)
  A two-headed ogre (D:9)
  6 death yaks (Lair:5)
  A bog body (Lair:2)
  Pikel (D:7)
  An ugly thing (D:10)
  10 elephants (Lair:5)
  A guardian serpent (Lair:5)
  4 black mambas
  7 cane toads
  2 rime drakes
  2 komodo dragons (Lair:2)
  5 polar bears
  2 hornets
  10 blink frogs
  3 yaks (Lair:5)
  A vampire (D:10)
  A wraith (D:10)
  3 basilisks
  9 wyverns
  A steam dragon (D:7)
  An acid dragon (D:8)
  8 water moccasins
  3 orc warriors (D:9)
  5 ice beasts
  2 black bears
  An ogre (D:5)
  16 wolves
  A centaur (D:4)
  A lemure (D:7)
  2 phantoms (D:5)
  4 kobold brigands
  Blork the orc (D:4)
  9 bullfrogs
  A gnoll sergeant (D:8)
  9 wights
  8 killer bees
  A howler monkey (D:7)
  3 electric eels (Lair:2)
  2 hounds
  3 jellies
  9 orc priests
  Natasha (D:3)
  3 iguanas
  10 orc wizards
  11 adders
  14 gnolls
  2 shadow imps
  2 white imps
  An ufetubus (D:6)
  A worm (D:5)
  4 dart slugs
  43 orcs
  6 bats
  16 endoplasms
  A giant cockroach (D:1)
  6 goblins
  8 hobgoblins
  20 kobolds
  3 quokkas
  9 ball pythons
  2 frilled lizards
  2 rats
327 creatures vanquished.

Vanquished Creatures (collateral kills)
  A black mamba (Lair:1)
  A komodo dragon (Lair:1)
  Menkaure (D:6)
  2 kobolds (D:7)
5 creatures vanquished.

Vanquished Creatures (others)
  An orc (D:7)
1 creature vanquished.

Grand Total: 333 creatures vanquished

Notes
Turn   | Place    | Note
-------+----------+-------------------------------------------
     0 | D:1      | Bronimir the Demonspawn Gladiator began the quest for the
                  | Orb.
     0 | D:1      | Reached XP level 1. HP: 16/16 MP: 1/1
    78 | D:1      | Reached skill level 3 in Axes
    78 | D:1      | Gained mutation: A meltable shield of frost defends you.
                  | (SH +4) [demonic ancestry]
    78 | D:1      | Reached XP level 2. HP: 22/22 MP: 2/2
   720 | D:2      | Reached XP level 3. HP: 27/27 MP: 3/3
   999 | D:2      | Found Ynonaex's Weapon Shop.
  1138 | D:2      | Found a sparkling altar of Nemelex Xobeh.
  1159 | D:2      | Became a worshipper of Nemelex Xobeh the Trickster
  1196 | D:2      | Found Saypuoze's Antique Armour Shoppe.
  1393 | D:2      | Found Loireblu's Antique Armour Shoppe.
  1400 | D:2      | Gained mutation: You are partially covered in thin metallic
                  | scales. (AC +2) [demonic ancestry]
  1400 | D:2      | Reached XP level 4. HP: 29/33 MP: 4/4
  1683 | D:3      | Noticed Natasha
  1691 | D:3      | Killed Natasha
  1692 | D:3      | Reached skill level 1 in Shields
  1692 | D:3      | Gained mutation: You are mostly covered in thin metallic
                  | scales. (AC +3) [demonic ancestry]
  1692 | D:3      | Reached XP level 5. HP: 28/39 MP: 5/5
  2021 | D:3      | Found Zofoy's Armour Shop.
  2026 | D:3      | Bought a +1 pair of boots for 149 gold pieces
  2192 | D:3      | Reached skill level 1 in Stealth
  2292 | D:4      | Reached skill level 4 in Axes
  2292 | D:4      | Reached skill level 1 in Armour
  2348 | D:4      | Reached skill level 1 in Invocations
  2418 | D:4      | Noticed Blork the orc
  2428 | D:4      | Killed Blork the orc
  2429 | D:4      | Gained mutation: You may rarely emit foul miasma when
                  | damaged in melee. [demonic ancestry]
  2429 | D:4      | Reached XP level 6. HP: 37/46 MP: 5/7
  2660 | D:4      | Identified the +2 robe of Rerghoipn {rC+ Regen+ Int+4
                  | Dex-5}
  2831 | D:4      | Learned a level 1 spell: Necrotise
  2990 | D:4      | Reached * piety under Nemelex Xobeh
  3039 | D:4      | Found Faeniczu's Antique Weapon Shoppe.
  3187 | D:5      | Entered Level 5 of the Dungeon
  3196 | D:5      | Gained mutation: You have a pair of small antennae on your
                  | head. [potion of mutation]
  3196 | D:5      | Gained mutation: You have sharp fingernails. [potion of
                  | mutation]
  3196 | D:5      | Gained mutation: Your muscles are strong. (Str +4, Int/Dex
                  | -1) [potion of mutation]
  3227 | D:5      | Reached skill level 5 in Axes
  3243 | D:5      | Reached XP level 7. HP: 51/51 MP: 8/8
  3331 | D:5      | Reached skill level 1 in Spellcasting
  3479 | D:5      | Reached skill level 1 in Necromancy
  3766 | D:6      | Received a gift from Nemelex Xobeh
  3773 | D:6      | Reached skill level 6 in Axes
  3952 | D:6      | Reached XP level 8. HP: 53/59 MP: 10/10
  4031 | D:6      | Reached ** piety under Nemelex Xobeh
  4142 | D:6      | Noticed Menkaure
  4148 | D:6      | Killed Menkaure
  4404 | D:7      | Received a gift from Nemelex Xobeh
  4505 | D:7      | Reached skill level 7 in Axes
  4617 | D:7      | Noticed Pikel
  4635 | D:7      | Killed Pikel
  4636 | D:7      | Lost mutation: You have sharp fingernails. [demonic
                  | ancestry]
  4636 | D:7      | Gained mutation: Your touch may inflict minor irresistible
                  | damage on your foes. [demonic ancestry]
  4636 | D:7      | Reached XP level 9. HP: 20/66 MP: 11/13
  4784 | D:7      | Learned a level 2 spell: Wereblood
  4788 | D:7      | Learned a level 3 spell: Spider Form
  4821 | D:7      | Reached skill level 8 in Axes
  4889 | D:7      | Found a staircase to the Ecumenical Temple.
  5427 | D:7      | Identified a scroll of acquirement
  5427 | D:7      | Acquired 795 gold pieces
  5861 | D:8      | Found Gaqa's Antique Armour Shop.
  5867 | D:8      | Bought a glowing plate armour for 702 gold pieces
  5882 | D:8      | Received a gift from Nemelex Xobeh
  5913 | D:8      | Reached *** piety under Nemelex Xobeh
  5985 | D:8      | Reached skill level 1 in Poison Magic
  6076 | D:8      | Identified the +0 robe of the Garden {rPois Str+5}
  6235 | D:8      | Reached skill level 9 in Axes
  6496 | D:8      | Reached skill level 5 in Invocations
  6496 | D:8      | Reached skill level 1 in Evocations
  6938 | D:9      | Reached XP level 10. HP: 45/73 MP: 14/14
  7026 | D:9      | Found an opulent altar of Gozag.
  7070 | D:9      | Reached skill level 5 in Fighting
  7548 | D:9      | Received a gift from Nemelex Xobeh
  7974 | D:9      | Noticed a two-headed ogre
  7982 | D:9      | Killed a two-headed ogre
  8177 | D:10     | Entered Level 10 of the Dungeon
  8194 | D:10     | Reached skill level 10 in Axes
  8199 | D:10     | Found a staircase to the Lair.
  8473 | D:10     | Noticed a red ugly thing
  8500 | D:10     | Killed a red ugly thing
  8730 | Lair:1   | Entered Level 1 of the Lair of Beasts
  8762 | Lair:1   | Gained mutation: Your touch may inflict irresistible damage
                  | on your foes. [demonic ancestry]
  8762 | Lair:1   | Reached XP level 11. HP: 16/80 MP: 15/15
  8781 | Lair:1   | HP: 4/80 [poisoned by a water moccasin]
  9309 | Lair:1   | Reached **** piety under Nemelex Xobeh
  9320 | Lair:1   | Reached skill level 11 in Axes
  9361 | Lair:1   | Received a gift from Nemelex Xobeh
  9378 | Lair:1   | Reached skill level 5 in Armour
 10578 | Lair:1   | Learned a level 4 spell: Animate Dead
 12023 | Lair:2   | Noticed a bog body
 12261 | Lair:2   | Killed a bog body
 12262 | Lair:2   | Reached skill level 12 in Axes
 12262 | Lair:2   | Gained mutation: You sometimes emit foul miasma when
                  | damaged in melee. [demonic ancestry]
 12262 | Lair:2   | Reached XP level 12. HP: 56/89 MP: 17/17
 12472 | Lair:2   | Received a gift from Nemelex Xobeh
 12646 | Lair:2   | Found a staircase to the Swamp.
 13026 | Lair:3   | Noticed a six-headed hydra
 13026 | Lair:3   | You fall into a shaft and drop 2 floors!
 13026 | Lair:5   | Entered Level 5 of the Lair of Beasts
 13026 | Lair:5   | Noticed a death yak
 13026 | Lair:5   | Noticed a death yak
 13026 | Lair:5   | Noticed a death yak
 13026 | Lair:5   | Noticed a death yak
 13026 | Lair:5   | Noticed a death yak
 13030 | Lair:5   | Reached ***** piety under Nemelex Xobeh
 13030 | Lair:5   | Noticed a death yak
 13034 | Lair:5   | Noticed a five-headed hydra
 13046 | Lair:5   | Killed a death yak
 13060 | Lair:5   | Killed a death yak
 13060 | Lair:5   | Killed a death yak
 13060 | Lair:5   | Killed a death yak
 13062 | Lair:5   | Killed a six-headed hydra
 13062 | Lair:5   | Killed a death yak
 13063 | Lair:5   | Reached skill level 13 in Axes
 13070 | Lair:5   | Killed a death yak
 13160 | Lair:5   | Reached XP level 13. HP: 14/99 MP: 20/20
 13161 | Lair:5   | HP: 2/99 [elephant (8)]
 13194 | Lair:5   | Slain by a wolf

Illustrated notes

Levels and vault maps discovered:
D:1:      evilmike_arrival_crescent, layout_basic
D:2:      layout_loops_ring, basic_altar, serial_shops,
          nicolae_shop_pleasant_corner_grove, shop, shop,
          chequers_serial_rivers_small_3, minmay_surrounded
D:3:      layout_loops_cross, serial_shops, nicolae_shop_tiny_statue_garden,
          uniq_natasha
D:4:      layout_loops_ring, serial_shops, nicolae_shop_back_alley_shop,
          uniq_blork_the_orc
D:5:      layout_rooms, minmay_misc_feat_secret_circle,
          chequers_serial_rivers_marsh
D:6:      layout_basic, uniq_menkaure
D:7:      layout_basic, lemuel_temple_firewalk_a, uniq_pikel
D:8:      layout_cave_pods, serial_shops, shop
D:9:      layout_roguey, mainiacjoe_overflow_small_starburst, nicolae_sextant,
          minmay_orc_keep
D:10:     layout_small_grid, bloody_makhleb, hellmonk_lair_entry_icy,
          gammafunk_ghost_hydra_chop, uniq_joseph
Lair:1:   layout_cave_pods, minmay_shattered_shrine, grunt_megastairs_5
Lair:2:   layout_cave_pods, skrybe_swamp_entry_bodies, serial_bayou_shore_a,
          grunt_megastairs_4, lemuel_fruit_fields
Lair:3:   nzn_winding_woodlands_large [nzn_winding_woodlands_5x5_three,
          nzn_winding_woodlands_5x15_garden,
          nzn_winding_woodlands_5x5_checkerboard,
          nzn_winding_woodlands_center_diamonds,
          nzn_winding_woodlands_15x15_killbox,
          nzn_winding_woodlands_center_lodge, nzn_winding_woodlands_5x5_default,
          nzn_winding_woodlands_5x15_river_crossing,
          nzn_winding_woodlands_5x5_open_star], layout_hall_layers,
          nicolae_spider_entry_tight_spaces
Lair:5:   hangedman_lair_tendril_chambers, layout_regular_city, wormcave,
          serial_bayou_ford_a, infiniplex_staircase_pool

Skill      XL: |  1  2  3  4  5  6  7  8  9 10 11 12 |
---------------+-------------------------------------+-----
Axes           | 3 4 5 6 7 9 10 12 13 | 13.3
Dodging        | 3 4 |  4.5
Shields        | 1 2 3 |  3.3
Stealth        | 1 2 |  2.5
Armour         | 1 2 4 6 8 |  8.1
Invocations    | 1 2 3 4 5 6 7 9 |  9.6
Fighting       | 3 4 5 6 8 |  8.5
Spellcasting   | 1 2 |  2.9
Necromancy     | 1 3 |  3.6
Poison Magic   | 2 3 4 |  4.0
Evocations     | 1 3 |  3.7
Throwing       | |  1.8

Action                     |  1- 3 |  4- 6 |  7- 9 | 10-12 | 13-15 || total
---------------------------+-------+-------+-------+-------+-------++-------
  Melee: War axe           |    95 |   155 |   233 |       |       ||   483
         Punch             |       |     3 |     5 |       |       ||     8
         Battleaxe         |       |       |    80 |   295 |    16 ||   391
         Executioner's axe |       |       |    37 |   169 |       ||   206
         Touch             |       |       |     2 |       |       ||     2
   Cast: Necrotise         |       |       |     6 |       |       ||     6
 Invoke: Draw Destruction  |       |       |    12 |    20 |       ||    32
         Draw Summoning    |       |       |     2 |     4 |       ||     6
         Draw Escape       |       |       |       |     4 |     1 ||     5
         Triple Draw       |       |       |       |     1 |       ||     1
  Evoke: Wand              |       |       |       |     3 |       ||     3
    Use: Scroll            |       |     7 |    10 |     2 |     1 ||    20
         Potion            |       |     2 |     6 |    11 |       ||    19
   Stab: Sleeping          |     2 |       |     1 |       |       ||     3
         Distracted        |       |       |     1 |     1 |       ||     2
         Invisible         |       |       |     1 |       |       ||     1
 Armour: Leather armour    |    24 |       |       |       |       ||    24
         Scale mail        |     6 |    54 |       |       |       ||    60
         Robe              |       |    18 |   126 |       |       ||   144
         Skin              |       |       |    12 |       |       ||    12
         Plate armour      |       |       |   122 |   566 |     8 ||   696
         Steam dragon scal |       |       |    12 |       |       ||    12
  Dodge: Dodged            |    67 |    80 |   246 |   286 |     7 ||   686
  Block: Other             |    20 |    23 |    77 |   120 |     6 ||   246
